 Dungeon Crawl Stone Soup version 0.27-a0-797-g27d10ad80f (webtiles) character file.

Game seed: 2480548715489344188

27 polve the Slasher (level 2, -3/24 HPs)
             Began as a Demonspawn Abyssal Knight on Mar 27, 2021.
             Was a Follower of Lugonu.
             Slain by a worm (9 damage)
             ... on level 2 of the Dungeon.
             The game lasted 00:01:26 (1088 turns).

polve the Slasher (Demonspawn Abyssal Knight)       Turns: 1088, Time: 00:01:27

Health: -3/24      AC:  3    Str: 12    XL:     2   Next: 93%
Magic:  3/3        EV: 11    Int: 13    God:    Lugonu [*.....]
Gold:   4          SH:  0    Dex: 12    Spells: 1/1 levels left

rFire    . . .     SeeInvis .   a - +1 falchion
rCold    . . .     Faith    .   (no shield)
rNeg     . . .     Spirit   .   b - +0 leather armour
rPois    .         Reflect  .   (helmet restricted)
rElec    .         Harm     .   (no cloak)
rCorr    .         Rampage  .   (no gloves)
Will     .....                  (no boots)
Stlth    +.........             (no amulet)
HPRegen  0.08/turn              (no ring)
MPRegen  0.08/turn              (no ring)

@: no status effects
A: antennae 1
a: Renounce Religion, Depart the Abyss


You were on level 2 of the Dungeon.
You worshipped Lugonu.
Lugonu was aware of your devotion.
You visited 1 branch of the dungeon, and saw 2 of its levels.
You visited the Abyss 1 time.

You collected 4 gold pieces.

Inventory:

Hand Weapons
 a - a +1 falchion (weapon)
Armour
 b - a +0 leather armour (worn)
Scrolls
 c - a scroll of acquirement {unknown}


   Skills:
 - Level 3.0 Fighting
 + Level 3.1 Long Blades
 - Level 1.7 Armour
 - Level 0.8 Dodging
 - Level 2.4 Invocations


You had one spell level left.
You didn't know any spells.
Your spell library was empty.

Dungeon Overview and Level Annotations

Branches:
Dungeon (2/15)

Altars:

Shops:
D:1 (


Innate Abilities, Weirdness & Mutations

You have a pair of small antennae on your head.


Message History

You are too injured to fight recklessly!
You are too injured to fight recklessly!
You are too injured to fight recklessly!
You are too injured to fight recklessly!
You are too injured to fight recklessly!
You are too injured to fight recklessly!
You are too injured to fight recklessly!
You are too injured to fight recklessly!
You are too injured to fight recklessly!
The jackal barely misses you.
There is a stone staircase leading up here.
The jackal barely misses you. The jackal closely misses you.
You hit the jackal.
The jackal is moderately wounded.
The jackal closely misses you.
You riposte.
You hit the jackal but do no damage.
The jackal is moderately wounded.
You hit the jackal.
You kill the jackal!
Lugonu accepts your kill.
You hit the worm but do no damage. The worm bites you.
You hit the worm.
The worm is moderately wounded.
You hit the worm.
The worm is moderately wounded.
The worm barely misses you.
You hit the worm.
The worm is moderately wounded.
The worm bites you.
You hit the worm.
The worm is heavily wounded.
The worm bites you!
* * * LOW HITPOINT WARNING * * *
You hit the worm.
The worm is severely wounded.
You barely miss the worm.
The worm is severely wounded.
The worm bites you!
You die...

## ♣ .#..P. ≈≈
.#.♣≈≈≈P ≈≈≈
..P≈.≈≈≈♣ ≈≈.
..(≈≈≈≈≈# .P
##..≈≈≈≈≈..
♣P#.######...≈≈≈≈≈≈P
♣......@w..#.≈.≈≈P≈.
#.########..†♣≈≈≈≈..
##.♣†≈≈≈≈≈.
#..≈..≈≈≈#
##...≈≈P$. ###..P...
######


You could see a worm.

Vanquished Creatures
  A worm (D:2)
  3 bats
  3 endoplasms
  A giant cockroach (D:1)
  2 goblins (D:1)
  3 hobgoblins (D:1)
  5 jackals (D:2)
  A frilled lizard (D:1)
  A rat (D:1)
20 creatures vanquished.

Vanquished Creatures (others)
  A plant (D:2)
1 creature vanquished.

Grand Total: 21 creatures vanquished

Notes
Turn   | Place    | Note
-------+----------+-------------------------------------------
     0 | Abyss:1  | polve the Demonspawn Abyssal Knight began the quest for the
                  | Orb.
     0 | Abyss:1  | Reached XP level 1. HP: 18/18 MP: 2/2
     2 | Abyss:1  | Found a corrupted altar of Lugonu.
   390 | Abyss:2  | Noticed a small abomination
   420 | Abyss:2  | Noticed a ynoxinul
   422 | D:1      | Escaped the Abyss
   644 | D:1      | Found Reint's Antique Weapon Shoppe.
   656 | D:1      | Gained mutation: You have a pair of small antennae on your
                  | head. [demonic ancestry]
   656 | D:1      | Reached XP level 2. HP: 24/24 MP: 3/3
   698 | D:1      | Reached * piety under Lugonu
  1088 | D:2      | Slain by a worm

Illustrated notes

Levels and vault maps discovered:
D:1:      dpeg_arrival_court, layout_loops_cross, serial_shops, shop_fountains,
          nicolae_shop_competitors_out_of_business, shop, shop, shop
D:2:      layout_loops_ring, minitemple, serial_bayou, serial_bayou_pond_e,
          serial_bayou_pond_d, serial_bayou_pond_b, serial_bayou_pond_b,
          serial_bayou_pond_d, serial_bayou_pond_a, uniq_jessica

Skill      XL: |  1  2 |
---------------+-------+-----
Long Blades    | 2 3 |  3.1
Fighting       | |  3.0
Armour         | |  1.7
Dodging        | |  0.8
Invocations    | |  2.4

Action                   || total
-------------------------++-------
Melee: Falchion          ||    68
Invok: Depart the Abyss  ||     1
Armor: Leather armour    ||    26
Dodge: Dodged            ||    68
       Rpst.: Falchion   ||    24

Table legend: (Time is in decaauts)
 A = Elapsed time spent in this place.
 B = Non-inter-level travel time spent in this place.
 C = Inter-level travel time spent in this place.
 D = Time resting spent in this place.
 E = Time spent auto-exploring this place.
 F = Levels seen in this place.
 G = Mean time per level.
                   A        B        C        D        E       F      G
               +--------+--------+--------+--------+--------+-----+--------+
         Total |   1100 |   1100 |      0 |    286 |    601 |   4 |  275.0 |
       Dungeon |    678 |    678 |      0 |      0 |    481 |   2 |  339.0 |
         Abyss |    421 |    421 |      0 |    286 |    120 |   2 |  210.5 |
               +--------+--------+--------+--------+--------+-----+--------+

Top non-repeatable levels by time:
 Abyss:2: 412 daAuts
     D:2: 340 daAuts
     D:1: 338 daAuts
 Abyss:1: 9 daAuts
